 Dungeon Crawl Stone Soup version 0.27.0-1-g7a089689b8 (webtiles) character file.

Game seed: 10845455091938229254

200270 rjrrt the Scorcher (level 18, -7/106 HPs)
             Began as a Deep Elf Fire Elementalist on Aug 10, 2021.
             Was the Champion of Vehumet.
             Mangled by a caustic shrike simulacrum (19 damage)
             ... in an ice cave on Aug 11, 2021.
             The game lasted 01:46:48 (37351 turns).

rjrrt the Scorcher (Deep Elf Fire Elementalist)    Turns: 37351, Time: 01:46:49

Health: -7/106     AC: 13    Str:  5    XL:     18   Next: 26%
Magic:  13/39      EV: 18    Int: 29    God:    Vehumet [******]
Gold:   1183       SH: 10    Dex: 15    Spells: 25/48 levels left

rFire    + . .     SeeInvis .   a - staff of fire
rCold    + . .     Faith    .   M - +0 buckler
rNeg     . . .     Spirit   .   U - +1 robe {rC+}
rPois    +         Reflect  +   (no helmet)
rElec    .         Harm     .   H - +2 cloak {Will+}
rCorr    .         Rampage  .   T - +0 pair of gloves
Will     ++...                  g - +1 pair of boots
Stlth    ++........             h - amulet of reflection
HPRegen  0.27/turn              I - +4 ring of protection
MPRegen  0.26/turn              G - ring of poison resistance

@: no status effects
A: no striking features
a: Renounce Religion


You were in an ice cave.
You worshipped Vehumet.
Vehumet was exalted by your worship.
You visited 6 branches of the dungeon, and saw 26 of its levels.
You also visited: Bailey and Ice Cave.

You collected 3432 gold pieces.
You spent 2249 gold pieces at shops.

Inventory:

Hand Weapons
 b - a +1 trident of electrocution
 m - the +8 broad axe of Loaseite {vamp, +Blink rElec rPois rC- rCorr}
   (You took it off a kobold in a bailey)

   It occasionally heals its wielder for a portion of the damage dealt when it
   wounds a living foe.
   rC:        It makes you vulnerable to cold.
   rElec:     It insulates you from electricity.
   rPois:     It protects you from poison.
   +Blink:    It lets you blink.
   rCorr:     It protects you from acid and corrosion.
Missiles
 C - 5 throwing nets (quivered)
Armour
 g - a +1 pair of boots (worn)
 v - +0 steam dragon scales
 H - a +2 cloak of willpower (worn)
 M - a +0 buckler (worn)
 T - a +0 pair of gloves (worn)
 U - a +1 robe of cold resistance (worn)
Magical Staves
 a - a staff of fire (weapon)
Jewellery
 f - an amulet of magic regeneration
 h - an amulet of reflection (around neck)
 i - a ring of flight
 o - a ring of see invisible
 y - a ring of wizardry
 G - a ring of poison resistance (right hand)
 I - a +4 ring of protection (left hand)
 N - an amulet of the acrobat
Wands
 p - a wand of acid (44)
 w - a wand of polymorph (8)
 D - a wand of iceblast (53)
 O - a wand of mindburst (17)
 Q - a wand of paralysis (8)
 R - a wand of charming (10)
 S - a wand of digging (3)
Scrolls
 n - 9 scrolls of teleportation
 q - 3 scrolls of blinking
 s - 2 scrolls of fear
 B - 3 scrolls of magic mapping
 J - 3 scrolls of fog
 L - 3 scrolls of amnesia
 P - 5 scrolls of identify
Potions
 c - 2 potions of ambrosia
 d - 4 potions of might
 e - 4 potions of lignification
 j - 3 potions of haste
 k - 4 potions of invisibility
 l - 5 potions of magic
 r - 3 potions of mutation
 t - a potion of flight
 x - 4 potions of cancellation
 z - 5 potions of curing
 A - 4 potions of heal wounds
 E - 2 potions of berserk rage
 F - 2 potions of resistance
Miscellaneous
 u - a phantom mirror
 K - a phantom mirror


   Skills:
 + Level 9.6 Fighting
 - Level 6.0 Staves
 + Level 4.2 Armour
 - Level 12.0 Dodging
 - Level 2.4 Stealth
 - Level 4.0 Shields
 + Level 15.8 Spellcasting
 + Level 14.7 Conjurations
 + Level 7.7 Summonings
 + Level 16.1 Fire Magic
 - Level 4.0 Earth Magic
 - Level 6.0 Evocations


You had 25 spell levels left.
You knew the following spells:

 Your Spells              Type           Power      Damage    Failure   Level
a - Foxfire               Conj/Fire      100%       2x1d9     0%          1
b - Stone Arrow           Conj/Erth      100%       3d13      1%          3
c - Sticky Flame          Conj/Fire      100%       2d11      1%          4
d - Fireball              Conj/Fire      53%        3d21      1%          5
e - Spellforged Servitor  Conj/Summ      36%        N/A       4%          7
B - Conjure Flame         Conj/Fire      100%       6-21      0%          3

Your spell library contained the following spells:

 Spells                   Type           Power      Damage    Failure   Level
 Lightning Bolt           Conj/Air       30%        1d47      1%          5
 Freeze                   Ice            88%        1d10      1%          1
 Pain                     Necr           88%        1d8       1%          1
 Sandblast                Erth           92%        2d19      1%          1
 Call Canine Familiar     Summ           61%        N/A       1%          3
 Inner Flame              Hex/Fire       81%        N/A       1%          3
 Sublimation of Blood     Necr           11%        N/A       3%          2
 Wereblood                Tmut           22%        N/A       3%          2
 Gell's Gravitas          Tloc           11%        N/A       6%          3
 Lesser Beckoning         Tloc           11%        N/A       6%          3
 Ozocubu's Armour         Ice            22%        N/A       6%          3
 Portal Projectile        Hex/Tloc       44%        N/A       6%          3
 Teleport Other           Tloc           22%        N/A       6%          3
 Leda's Liquefaction      Hex/Erth       17%        N/A       9%          4
 Agony                    Necr           22%        N/A       50%         5
 Excruciating Wounds      Necr           11%        N/A       50%         5
 Metabolic Englaciation   Hex/Ice        11%        N/A       50%         5
 Summon Hydra             Summ           30%        N/A       58%         7
 Dispersal                Tloc           11%        N/A       97%         6
 Simulacrum               Ice/Necr       11%        N/A       97%         6


Dungeon Overview and Level Annotations

Branches:
Dungeon (15/15)            Temple (1/1) D:4            Lair (6/6) D:11
 Shoals (1/4) Lair:3       Spider (1/4) Lair:2        Slime (0/5) Lair:5
    Orc (2/2) D:9             Elf (0/3) Orc:2        Vaults (0/5) D:14
 Depths (0/5) D:15         Bailey (visited)           IceCv (1/1)

Altars:
Ashenzari
Elyvilon
Fedhas
Hepliaklqana
Kikubaaqudgha
Makhleb
Nemelex Xobeh
Okawaru
Qazlal
Ru
Sif Muna
Trog
Uskayaw
Vehumet
Wu Jian
Xom
Yredelemnul
Zin
The Shining One
Beogh

Shops:
D:5 *   D:9 ?*   Orc:2 =!*!(

Annotations:
Shoals:1 1 transporter, Bityczex's ghost, adept DEFE
Orc:2 3 runed translucent doors, reasonance's ghost, journeyman GrBe


Message History

Casting: Stone Arrow (safe; 1% risk of failure)
Confirm with . or Enter, or press ? or * to list all spells.
Aiming: Fireball (safe; 1% risk of failure)
Press: ? - help, Shift-Dir - straight line, f - caustic shrike simulacrum
Aim: a caustic shrike simulacrum You feel a surge of power!
The fireball explodes!
The fireball engulfs the caustic shrike simulacrum!!!
The caustic shrike simulacrum melts!
The caustic shrike simulacrum is almost destroyed.
The fireball engulfs the caustic shrike simulacrum!!!
The caustic shrike simulacrum melts!
The caustic shrike simulacrum vaporises!
Vehumet accepts your kill.
You feel your power returning.
You hear a sizzling sound!
The fireball engulfs the white very ugly thing!!!
The white very ugly thing is moderately wounded.
The fireball engulfs the freezing wraith!!
The freezing wraith is burned terribly!
The freezing wraith is severely damaged.
Unknown command.
Unknown command.
Unknown command.
The caustic shrike simulacrum claws you.
The caustic shrike simulacrum freezes you!
You resist.
Casting: Fireball (safe; 1% risk of failure)
Confirm with . or Enter, or press ? or * to list all spells.
You summon a servant imbued with your destructive magic!
The caustic shrike simulacrum claws you!!
The caustic shrike simulacrum freezes you!!
You resist.
The caustic shrike simulacrum claws you!!
* * * LOW HITPOINT WARNING * * *
The caustic shrike simulacrum freezes you!!
You resist.
* * * LOW HITPOINT WARNING * * *
Unknown command.
The caustic shrike simulacrum claws you!!
You die...

##.....##
##...##
##.##
##...##
##.....##
#.......#
#.......#
#...†..(#
#(..@...#
#.[.Z8..#
####.####
#.......#
#...W...#
#.......#
#.......#
#...u...#
##.....##


You could see a white very ugly thing, a freezing wraith, a caustic shrike
simulacrum (ally target) and a friendly spellforged servitor (summoned).

Vanquished Creatures
  Donald (Orc:2)
  A very ugly thing (IceCv)
  Snorg (Orc:2)
  2 fire dragons (D:15)
  An ettin (Orc:1)
  3 caustic shrike simulacra (IceCv)
  5 boulder beetles
  Harold (D:11)
  6 hydras
  Erolcha (D:9)
  4 vault guards (D:14)
  4 catoblepae
  4 ogre magi (D:15)
  7 centaur warriors
  A merfolk avatar (Lair:6)
  A death knight (D:14)
  6 death yaks
  21 two-headed ogres
  5 orc high priests (Orc:2)
  A skeletal warrior (D:13)
  3 sea snakes
  2 orange crystal statues (IceCv)
  11 orc knights
  A deep elf archer (D:14)
  2 deep elf pyromancers
  10 cyclopes
  An orc sorcerer (Orc:1)
  8 ugly things
  3 slime creatures
  A manticore (Lair:6)
  14 elephants
  A torpor snail (Lair:5)
  8 black mambas
  7 gargoyles
  3 merfolk sirens
  2 unseen horrors
  16 cane toads
  An anaconda simulacrum (IceCv)
  3 efreet
  A golden dragon simulacrum (IceCv)
  13 komodo dragons
  A tengu conjurer (D:14)
  2 jumping spiders (Spider:1)
  4 merfolk
  7 trolls
  A wind drake (Lair:6)
  2 hornets (Lair:6)
  4 polar bears
  Prince Ribbit (D:6)
  2 wolf spider simulacra
  A meliai zombie (D:10)
  15 blink frogs
  A snapping turtle (Shoals:1)
  10 spriggans
  A wraith (D:11)
  2 shadows
  3 dire elephant simulacra (IceCv)
  2 humans (D:9)
  10 wyverns
  10 basilisks
  63 yaks
  3 steam dragons
  7 vampire mosquitoes
  4 wargs
  Menkaure (D:6)
  Edmund (D:5)
  A harpy simulacrum (IceCv)
  2 acid dragons (D:11)
  10 water moccasins
  3 hydra simulacra (IceCv)
  43 orc warriors
  2 ice beasts
  2 hornet zombies
  3 alligator simulacra (IceCv)
  3 sky beasts
  3 black bears
  14 ogres
  A necrophage (D:5)
  2 ettin simulacra (IceCv)
  9 wolves
  A phantom (D:6)
  12 centaurs
  13 bullfrogs
  A gnoll sergeant (D:7)
  8 earth elementals (D:15)
  A wyvern zombie (D:4)
  7 scorpions
  3 killer bees (D:10)
  12 wights
  An electric eel (Lair:5)
  4 howler monkeys
  6 jellies
  4 hounds
  A gnoll shaman (D:4)
  A bullfrog skeleton (D:6)
  23 orc priests
  Crazy Yiuf (D:3)
  4 centaur zombies
  An iguana (D:5)
  Natasha (thrice) (D:3)
  19 orc wizards
  A killer bee zombie (D:8)
  2 hound skeletons
  3 howler monkey zombies
  11 gnolls
  8 adders
  A howler monkey skeleton (D:4)
  A white imp (D:4)
  An ufetubus (D:6)
  An adder skeleton (D:4)
  6 worms
  2 dart slugs
  64 orcs
  3 ball pythons
  A bat (D:1)
  6 endoplasms
  7 giant cockroaches
  11 goblins
  4 hobgoblins
  11 jackals
  3 quokkas
  17 kobolds
  3 rats
  2 bushes (Lair:2)
738 creatures vanquished.

Vanquished Creatures (collateral kills)
  A merfolk avatar (Shoals:1)
  2 fauns (Shoals:1)
  A merfolk siren (Shoals:1)
4 creatures vanquished.

Vanquished Creatures (others)
  734 foxfires
  44 fungi
  96 plants
874 creatures vanquished.

Grand Total: 1616 creatures vanquished

Notes
Turn   | Place    | Note
-------+----------+-------------------------------------------
     0 | D:1      | rjrrt the Deep Elf Fire Elementalist began the quest for
                  | the Orb.
     0 | D:1      | Reached XP level 1. HP: 10/10 MP: 6/6
   206 | D:1      | Reached XP level 2. HP: 15/15 MP: 5/8
  1091 | D:2      | Reached XP level 3. HP: 12/19 MP: 4/9
  1224 | D:2      | You fall into a shaft and drop 1 floor!
  1372 | D:3      | Found a runed translucent door.
  1648 | D:2      | Reached skill level 4 in Fire Magic
  2114 | D:2      | Found a faded altar of an unknown god.
  2598 | D:3      | Noticed Natasha
  2605 | D:3      | Killed Natasha
  2606 | D:3      | Reached XP level 4. HP: 24/24 MP: 7/11
  2608 | D:3      | Noticed Natasha
  2652 | D:3      | Learned a level 4 spell: Sticky Flame
  3053 | D:3      | Noticed Crazy Yiuf
  3179 | D:3      | Killed Natasha
  3295 | D:3      | Noticed Natasha
  3307 | D:3      | Killed Natasha
  3308 | D:3      | Reached XP level 5. HP: 9/28 MP: 9/13
  3543 | D:3      | Learned a level 3 spell: Inner Flame
  3701 | D:3      | Reached skill level 5 in Fire Magic
  4065 | D:4      | Reached XP level 6. HP: 18/32 MP: 9/14
  4176 | D:4      | Learned a level 5 spell: Fireball
  4475 | D:4      | Learned a level 3 spell: Conjure Flame
  4637 | D:4      | Reached skill level 5 in Spellcasting
  4714 | D:4      | Found a broken altar of Ashenzari.
  4734 | D:4      | Reached skill level 5 in Conjurations
  4734 | D:4      | Reached skill level 6 in Fire Magic
  4992 | D:4      | Found a staircase to the Ecumenical Temple.
  5086 | Temple   | Entered the Ecumenical Temple
  5135 | Temple   | Became a worshipper of Vehumet
  5423 | D:5      | Entered Level 5 of the Dungeon
  5433 | D:5      | Reached XP level 7. HP: 35/36 MP: 11/16
  5903 | D:5      | Found Ladot's Assorted Antiques.
  5911 | D:5      | Bought 2 black potions for 55 gold pieces
  6287 | D:5      | Noticed Edmund
  6619 | D:5      | Killed Edmund
  6620 | D:5      | Reached skill level 7 in Fire Magic
  7246 | D:6      | Reached XP level 8. HP: 41/41 MP: 14/19
  7312 | D:6      | Noticed Prince Ribbit
  7329 | D:6      | Reached * piety under Vehumet
  7329 | D:6      | Offered knowledge of Freeze by Vehumet.
  7413 | D:6      | Killed Prince Ribbit
  7414 | D:6      | Reached skill level 8 in Fire Magic
  8360 | D:6      | Noticed Menkaure
  8361 | D:6      | Killed Menkaure
  8362 | D:6      | Reached XP level 9. HP: 45/45 MP: 16/22
  8367 | D:6      | Reached skill level 9 in Fire Magic
  8507 | D:6      | Found a glowing golden altar of the Shining One.
  8594 | D:6      | Learned a level 1 spell: Freeze
  8702 | D:6      | Found a shimmering altar of Xom.
  8718 | D:6      | Found a basalt altar of Yredelemnul.
  9820 | D:7      | Reached skill level 1 in Fighting
 10059 | D:7      | Found a bloodstained altar of Trog.
 10294 | D:7      | Found a shimmering blue altar of Sif Muna.
 10605 | D:8      | Found a stormy altar of Qazlal.
 10610 | D:8      | Offered knowledge of Sandblast by Vehumet.
 10892 | D:8      | Reached ** piety under Vehumet
 10921 | D:8      | Reached skill level 10 in Fire Magic
 11492 | D:3      | Learned a level 1 spell: Sandblast
 11723 | D:8      | Identified the +5 hunting sling of Malaise {freeze, rC-
                  | rN+++ Str+3 Dex-3}
 11859 | D:8      | Reached XP level 10. HP: 53/53 MP: 10/24
 11883 | D:8      | Reached skill level 1 in Earth Magic
 12300 | D:3      | Killed Crazy Yiuf
 12597 | D:8      | Identified a scroll of acquirement
 12597 | D:8      | Acquired a staff of fire
 12929 | D:9      | Found an ornate altar of the Wu Jian Council.
 12999 | D:9      | Found a sacrificial altar of Ru.
 13088 | D:9      | Noticed Erolcha
 13105 | D:9      | Acquired 768 gold pieces
 13153 | D:9      | Reached skill level 1 in Staves
 13153 | D:9      | Reached skill level 1 in Evocations
 13280 | D:9      | Found a staircase to the Orcish Mines.
 13332 | D:9      | Found an iron altar of Okawaru.
 13352 | D:9      | Reached skill level 10 in Conjurations
 13453 | D:9      | Found Tysa's Magic Scroll Emporium.
 13456 | D:9      | Killed Erolcha
 13457 | D:9      | Reached skill level 5 in Dodging
 13555 | D:9      | Bought a scroll of magic mapping for 45 gold pieces
 13555 | D:9      | Bought a scroll of magic mapping for 45 gold pieces
 13555 | D:9      | Bought 2 scrolls of teleportation for 78 gold pieces
 13605 | D:9      | Found Zin's Purification Station.
 13608 | D:9      | Found a glowing silver altar of Zin.
 13822 | D:10     | Entered Level 10 of the Dungeon
 14612 | D:10     | Reached skill level 11 in Fire Magic
 14854 | D:10     | Found a blossoming altar of Fedhas.
 14869 | D:10     | Offered knowledge of Stone Arrow by Vehumet.
 14870 | D:10     | Reached XP level 11. HP: 60/60 MP: 17/26
 15373 | D:10     | Learned a level 3 spell: Stone Arrow
 15538 | D:11     | Found a flagged portal.
 15583 | Bailey   | Entered a bailey
 15606 | Bailey   | Reached *** piety under Vehumet
 15613 | Bailey   | Noticed an orc knight
 15618 | Bailey   | Noticed an orc knight
 15653 | Bailey   | Killed an orc knight
 15809 | Bailey   | Killed an orc knight
 15889 | Bailey   | Identified the +8 broad axe of Loaseite {vamp, +Blink rElec
                  | rPois rC- rCorr}
 15994 | Bailey   | Offered knowledge of Mephitic Cloud by Vehumet.
 16677 | D:11     | Found a shimmering altar of Xom.
 16677 | D:11     | Found a shimmering altar of Xom.
 16678 | D:11     | Found a shimmering altar of Xom.
 16678 | D:11     | Found a shimmering altar of Xom.
 16695 | D:11     | Found a shimmering altar of Xom.
 16703 | D:11     | Noticed a deep elf pyromancer
 16705 | D:11     | Killed a deep elf pyromancer
 16797 | D:11     | Noticed Harold
 16802 | D:11     | Killed Harold
 16803 | D:11     | Reached skill level 10 in Spellcasting
 16810 | D:11     | Noticed a two-headed ogre
 17125 | D:11     | Found a staircase to the Lair.
 17377 | D:11     | Killed a two-headed ogre
 17555 | D:11     | Noticed a two-headed ogre
 17559 | D:11     | Killed a two-headed ogre
 17841 | Lair:1   | Entered Level 1 of the Lair of Beasts
 17933 | Lair:1   | Reached **** piety under Vehumet
 18278 | Lair:1   | Reached XP level 12. HP: 67/67 MP: 18/28
 18347 | Lair:1   | Offered knowledge of Ignite Poison by Vehumet.
 18353 | Lair:1   | Reached skill level 5 in Evocations
 19310 | Lair:2   | Noticed a five-headed hydra
 19315 | Lair:2   | Killed a five-headed hydra
 19316 | Lair:2   | Reached skill level 5 in Staves
 19316 | Lair:2   | Reached skill level 12 in Fire Magic
 19403 | Lair:2   | Noticed a six-headed hydra
 19432 | Lair:2   | Killed a six-headed hydra
 19433 | Lair:2   | Reached skill level 5 in Fighting
 19542 | Lair:2   | Found a hole to the Spider Nest.
 19816 | Lair:2   | Noticed a death yak
 19827 | Lair:2   | Killed a death yak
 20222 | Lair:3   | Reached skill level 1 in Shields
 20277 | Lair:3   | Found a staircase to the Shoals.
 20589 | Lair:3   | Reached ***** piety under Vehumet
 20993 | Lair:4   | Reached XP level 13. HP: 69/73 MP: 27/30
 21007 | Lair:4   | Offered knowledge of Airstrike by Vehumet.
 22704 | Lair:5   | Reached skill level 13 in Fire Magic
 23159 | Lair:5   | Offered knowledge of Iskenderun's Battlesphere by Vehumet.
 23308 | Lair:6   | Entered Level 6 of the Lair of Beasts
 23528 | Lair:5   | Found a staircase to the Slime Pits.
 23950 | Lair:6   | Reached XP level 14. HP: 80/80 MP: 19/32
 24023 | Lair:6   | Reached skill level 10 in Dodging
 24553 | Lair:6   | Reached skill level 14 in Fire Magic
 25311 | Orc:1    | Entered Level 1 of the Orcish Mines
 25497 | Orc:2    | Entered Level 2 of the Orcish Mines
 25497 | Orc:2    | Found Fiqozame's Jewellery Emporium.
 25497 | Orc:2    | Noticed Donald
 25501 | Orc:2    | Killed Donald
 25584 | Orc:2    | Offered knowledge of Spellforged Servitor by Vehumet.
 26630 | D:12     | Learned a level 7 spell: Spellforged Servitor
 26952 | D:12     | Reached skill level 1 in Summonings
 28519 | D:13     | Reached XP level 15. HP: 88/88 MP: 25/34
 29392 | D:14     | Reached skill level 15 in Fire Magic
 29977 | D:14     | Found a sparkling altar of Nemelex Xobeh.
 30074 | D:14     | Found a gate to the Vaults.
 30790 | Orc:2    | Found a runed translucent gate.
 30830 | Orc:2    | Found a runed translucent gate.
 30831 | Orc:2    | Found a runed translucent gate.
 30838 | Orc:2    | Noticed reasonance's ghost (journeyman GrBe)
 30848 | Orc:2    | Found a staircase to the Elven Halls.
 31739 | Orc:2    | Noticed Snorg
 31743 | Orc:2    | Killed Snorg
 32526 | Orc:2    | Offered knowledge of Lightning Bolt by Vehumet.
 33303 | Orc:2    | Reached skill level 5 in Summonings
 33624 | Orc:2    | Found Iluxt's Weapon Shoppe.
 33625 | Orc:2    | Found Hiaba's Assorted Antiques.
 33625 | Orc:2    | Found Gighaefy's Distillery.
 33626 | Orc:2    | Found Icsicytz's Distillery.
 33632 | Orc:2    | Bought a potion of heal wounds for 75 gold pieces
 33632 | Orc:2    | Bought a potion of heal wounds for 75 gold pieces
 33632 | Orc:2    | Bought a potion of resistance for 150 gold pieces
 33642 | Orc:2    | Bought 2 potions of experience for 1600 gold pieces
 33646 | Orc:2    | Bought a pair of gloves for 126 gold pieces
 33652 | Orc:2    | Reached skill level 1 in Armour
 33652 | Orc:2    | Reached XP level 16. HP: 95/95 MP: 36/36
 33653 | Orc:2    | Reached skill level 15 in Spellcasting
 33653 | Orc:2    | Reached XP level 17. HP: 100/100 MP: 36/38
 33881 | D:15     | Entered Level 15 of the Dungeon
 35247 | D:15     | Reached XP level 18. HP: 78/105 MP: 19/39
 35438 | D:15     | Found a staircase to the Depths.
 35617 | D:15     | Found a basalt altar of Yredelemnul.
 36609 | Shoals:1 | Entered Level 1 of the Shoals
 36609 | Shoals:1 | Found a transporter.
 36745 | Shoals:1 | Reached skill level 16 in Fire Magic
 36769 | Shoals:1 | Noticed Bityczex's ghost (adept DEFE)
 36998 | Spider:1 | Entered Level 1 of the Spider Nest
 37045 | Spider:1 | Found a frozen archway.
 37058 | IceCv    | Entered an ice cave
 37076 | IceCv    | Reached ****** piety under Vehumet
 37351 | IceCv    | Mangled by a caustic shrike simulacrum

Illustrated notes

Levels and vault maps discovered:
D:1:      giann_bridges, layout_basic, minmay_misc_feat_pillars,
          chequers_serial_rivers_small_a
D:2:      layout_basic, basic_ecumenical_altar
D:3:      layout_loops_corners, uniq_natasha, uniq_crazy_yiuf_cottage
D:4:      layout_rooms, ashenzari_altar_1, minmay_temple_entry_butterflies
D:5:      layout_loops_corners, serial_shops, shop, uniq_edmund
D:6:      layout_rooms, tso_metal_star, mainiacjoe_overflow_swirl,
          minmay_misc_feat_room, minmay_bent, uniq_prince_ribbit1, uniq_menkaure
D:7:      layout_basic, kennysheep_mini_moat, marbit_many_paths
D:8:      layout_basic, nicolae_qazlal_scattered_showers,
          nicolae_zen_rock_garden, kennysheep_potato
D:9:      layout_long_grid, mainiacjoe_overflow_six_doors_small, okawaru_humans,
          zin_purify, nicolae_ru_the_path_less_chosen, david_orc_2,
          serial_shops, shop, uniq_erolcha
D:10:     layout_basic, fedhas_altar_fruit_tree
D:11:     layout_roguey, erik_lair_orcish_takeover, enter_bailey_7,
          xom_redecorated, uniq_harold
D:12:     layout_roguey, grunt_tough_drop
D:13:     minmay_razor_zed, layout_basic, hangedman_abyss_or_decor_stabs,
          grunt_decor_fettered, minmay_misc_feat_tiny
D:14:     layout_roguey, lightli_vaults_fourway_checkpoint, nemelex_altar_shiori
D:15:     grunt_enter_depths_hoard, layout_rooms, lemuel_coloured_pillars_altar,
          hangedman_cracks_in_the_wall
Temple:   compressed_dpeg_circular_temple
Lair:1:   kb_forest_paths, layout_regular_city
Lair:2:   layout_chaotic_city, nicolae_spider_entry_non_spiders,
          grunt_forest_large_clearing_hut, infiniplex_staircase_pool_2
Lair:3:   layout_gridlike, elwin_shoals_entry_stream, serial_bayou_shore_b
Lair:4:   layout_hall_layers, st_stairs_11, chequers_serial_rivers_marsh,
          beast_lair_carwin_3, grunt_megastairs_5
Lair:5:   layout_small_grid, minmay_slime_entry_pillars,
          infiniplex_staircase_pool
Lair:6:   gammafunk_lair_ancient_temple, layout_loops_ring,
          chequers_serial_rivers_small_a
Shoals:1: layout_shoals, gammafunk_ghost_arena, wheals_shoals_ruined_temple
Spider:1: layout_spider_delve, portal_ice_cave_entry_pillars_1,
          nicolae_spider_some_kinda_spiderbox
Orc:1:    layout_diamond_mine
Orc:2:    st_orc_pillars, layout_caves, gammafunk_ghost_necromancy, basic_altar,
          minmay_shop_enchanted_jewellery, nicolae_orc_rockfall, uniq_donald,
          uniq_snorg
IceCv:    ice_cave_statue_garden_chambered

Skill      XL: |  1  2  3  4  5  6  7  8  9 10 11 12 13 14 15 16 17 18 |
---------------+-------------------------------------------------------+-----
Conjurations   | 2 3 4 5 6 8 9 10 11 12 13 14 | 14.7
Fire Magic     | 4 5 6 7 8 10 11 12 13 14 15 16 | 16.1
Spellcasting   | 4 5 6 7 8 9 10 11 12 13 14 15 | 15.8
Dodging        | 4 5 7 8 9 11 12 | 12.0
Fighting       | 2 3 4 5 6 7 8 9 |  9.6
Earth Magic    | 3 4 |  4.0
Staves         | 2 4 5 6 |  6.0
Evocations     | 2 4 6 |  6.0
Shields        | 1 3 4 |  4.0
Summonings     | 2 5 6 7 |  7.7
Armour         | 1 2 3 4 |  4.2
Stealth        | |  2.4

Action                   |  1- 3 |  4- 6 |  7- 9 | 10-12 | 13-15 | 16-18 || total
-------------------------+-------+-------+-------+-------+-------+-------++-------
Melee: Trident           |       |     1 |     1 |       |       |       ||     2
       Dire flail        |       |       |     1 |       |       |       ||     1
       Dagger            |       |       |    17 |     2 |       |       ||    19
       Staff             |       |       |       |    51 |    46 |    13 ||   110
 Cast: Foxfire           |    66 |    90 |   154 |    90 |    45 |     3 ||   448
       Sticky Flame      |       |     1 |    22 |    30 |    51 |    10 ||   114
       Conjure Flame     |       |       |     5 |     2 |     1 |       ||     8
       Fireball          |       |       |    19 |   147 |   389 |    93 ||   648
       Stone Arrow       |       |       |       |     8 |    16 |    77 ||   101
       Spellforged Servi |       |       |       |       |       |     2 ||     2
Evoke: Wand              |       |       |       |       |     3 |     2 ||     5
  Use: Scroll            |     8 |     3 |     4 |    12 |     5 |     3 ||    35
       Potion            |       |     1 |       |       |     1 |     1 ||     3
Armor: Robe              |     5 |     2 |     9 |       |       |       ||    16
       Steam dragon scal |       |       |       |    40 |    28 |    12 ||    80
Dodge: Dodged            |    10 |    31 |    69 |    67 |    81 |    22 ||   280
Block: Other             |     3 |     8 |    22 |    16 |       |       ||    49
       Reflection        |       |       |       |     3 |    14 |     6 ||    23
       Buckler           |       |       |       |     1 |    52 |    21 ||    74
